 Dungeon Crawl Stone Soup version 0.17-a0-2108-g65e8068 (webtiles) character file.

97690 TryThis the Severer (level 15, 0/133 HPs)
             Began as a Minotaur Gladiator on Oct 18, 2015.
             Was a High Priest of Okawaru.
             Slain by a spiny frog (12 damage)
             ... on level 1 of the Swamp.
             The game lasted 02:59:48 (26171 turns).

TryThis the Severer (Minotaur Gladiator)           Turns: 26171, Time: 02:59:48

Health: 0/133      AC: 31    Str: 23    XL:     15   Next: 72%
Magic:  22/22      EV: 11    Int:  9    God:    Okawaru [*****.]
Gold:   2345       SH:  0    Dex: 13    Spells: 4 memorised, 19 levels left

rFire  + + .     SeeInvis .     a - +4 battleaxe
rCold  + . .     Clarity  +     M - +4 gold dragon armour
rNeg   . . .     SustAt   .     (no shield)
rPois  +         Gourm    .     Q - +1 hat {Int+3}
rElec  .         Spirit   .     (no cloak)
rCorr  .         Warding  .     q - +0 pair of gloves
rMut   .         Stasis   .     T - +2 pair of boots
MR     ++...                    X - amulet of clarity
Stlth  ..........               p - ring of protection from fire
                                t - ring of protection from magic

@: about to teleport, heroism, very resistant to hostile enchantments, extremely
unstealthy
A: retaliatory headbutt, horns 2
a: Heroism, Finesse, Renounce Religion


You were on level 1 of the Swamp.
You worshipped Okawaru.
Okawaru was extremely pleased with you.
You were not hungry.

You visited 5 branches of the dungeon, and saw 25 of its levels.
You also visited: Labyrinth and Bailey.

You collected 2778 gold pieces.
You spent 433 gold pieces at shops.

Inventory:

Hand Weapons
 a - a +4 battleaxe (weapon)
 b - a +0 arbalest of velocity
 c - a +0 dire flail
Missiles
 d - 7 throwing nets
 h - 99 bolts
 j - 2 javelins of penetration
 G - 9 silver bolts
 I - 13 bolts of frost
 O - 41 tomahawks of returning (quivered)
 R - 10 bolts of flame
 V - 6 javelins of returning
 Y - 5 bolts of penetration
Armour
 q - a +0 pair of gloves (worn)
 M - a +4 gold dragon armour (worn)
 Q - a +1 hat of intelligence (worn)
 T - a +2 pair of boots (worn)
Jewellery
 p - a ring of protection from fire (right hand)
 t - a ring of protection from magic (left hand)
 x - an uncursed amulet of regeneration
 B - an uncursed ring of sustain attributes
 K - an uncursed ring of protection from cold
 S - an uncursed ring of positive energy
 X - an amulet of clarity (around neck)
Wands
 k - a wand of disintegration (14)
 l - a wand of digging (7)
 o - a wand of teleportation (5)
 y - a wand of fireball (9)
 C - a wand of draining (10)
 H - a wand of digging (14)
 U - a wand of disintegration (11)
Scrolls
 i - 5 scrolls of recharging
 s - 2 scrolls of magic mapping
 v - 5 scrolls of enchant weapon
 D - 7 scrolls of remove curse
 N - 3 scrolls of teleportation
Potions
 f - a potion of curing
 m - 4 potions of cancellation
 n - 3 potions of invisibility
 u - 3 potions of might
 z - 5 potions of flight
 E - a potion of resistance
 F - 3 potions of haste
 L - a potion of magic
 P - 2 potions of agility
 W - a potion of brilliance
Books
 A - a book of Enchantments

   Spells                             Type                      Level
   a - Cause Fear                     Hexes                        4
   b - Silence                        Hexes/Air                    5
   c - Deflect Missiles               Charms/Air                   6
   d - Haste                          Charms                       6
   e - Discord                        Hexes                        8
Miscellaneous
 J - a disc of storms
Comestibles
 e - 13 bread rations
 g - 17 fruits
 r - 5 meat rations
 w - 3 chunks of flesh


   Skills:
 + Level 12.2(17.2) Fighting
 * Level 16.7(21.7) Axes
 * Level 9.1(14.1) Crossbows
 - Level 2.0(7.0) Throwing
 + Level 11.6(16.6) Armour
 + Level 10.5(15.5) Dodging
 + Level 5.7 Spellcasting
 + Level 5.6 Charms
 - Level 9.0 Invocations
 + Level 7.3 Evocations


You had 19 spell levels left.
You knew the following spells:

 Your Spells              Type           Power        Failure   Level  Hunger
a - Song of Slaying       Chrm           ##......     87%         2    ##.....
b - Apportation           Tloc           #.........   100%        1    None
c - Infusion              Chrm           ##....       67%         1    None
d - Shroud of Golubria    Chrm/Tloc      #.........   100%        2    ##.....


Dungeon Overview and Level Annotations

Branches:
Dungeon (11/15)            Temple (1/1) D:5            Lair (8/8) D:10
  Swamp (1/4) Lair:3        Snake (0/4) Lair:5        Slime (0/6) Lair:8
    Orc (4/4) D:11            Elf (0/3) Orc:4

Altars:
Ashenzari
Cheibriados
Dithmenos
Elyvilon
Fedhas
Gozag
Kikubaaqudgha
Makhleb
Nemelex Xobeh
Okawaru
Qazlal
Ru
Sif Muna
Trog
Vehumet
Xom
Yredelemnul
Zin
The Shining One
Beogh

Shops:
D:4 :   D:11 ([   Orc:2 %[:   Orc:3 =   Orc:4 ((=[

Annotations:
D:3 edsrzf's ghost, amateur DEFi


Innate Abilities, Weirdness & Mutations

You reflexively headbutt those who attack you in melee.
You have a pair of horns on your head.


Message History

The very large slime creature barely misses you.
The slime creature hits you.
* * * LOW HITPOINT WARNING * * *
The slime creature hits you.
* * * LOW HITPOINT WARNING * * *
The spiny frog barely misses you. x2
The slime creature hits you but does no damage.
Two slime creatures merge to form an enormous slime creature.
The slime creature closely misses you.
The spiny frog stings you but does no damage.
Two slime creatures merge to form a large slime creature.
The vampire mosquito closely misses you.
Found a dented cameo amulet.
The vampire mosquito bites you but does no damage.
Read which item? (? for menu, Esc to quit)
As you read the scroll of teleportation, it crumbles to dust.
You feel strangely unstable. The vampire mosquito barely misses you.
You furiously retaliate!
You headbutt the vampire mosquito!
A large slime creature splits.
The spiny frog stings you!
You die...

.≈ . ..... ♣♣♣♣ ≈.≈
..≈.. ♣♣♣..♣♣.."≈
♣.≈≈≈.♣♣≈.≈≈...≈≈≈
♣♣.≈≈≈....F@....≈≈≈
♣♣§.≈≈≈≈.≈Jy♣♣...≈≈≈
♣..≈≈≈≈≈≈≈.J≈♣≈..≈≈≈
.≈≈≈≈.≈≈≈≈.....>♣§.≈
≈≈≈≈≈.≈≈≈≈.≈≈≈≈≈.♣♣.
≈≈≈≈..≈≈.≈†≈≈≈...♣
J≈≈...≈≈≈≈..≈...♣♣
≈≈≈§≈....§≈≈....≈♣
.≈♣♣♣♣.♣.≈≈....≈♣


You could see 2 slime creatures, a spiny frog and a vampire mosquito.

Vanquished Creatures
  Kirke (Lair:8)
  An orc warlord (Orc:4)
  A stone giant (Orc:4)
  A minotaur (Lab)
  Snorg (Orc:3)
  Josephine (Lair:6)
  Harold (Orc:1)
  The ghost of jimeh the Tortoise, a journeyman TeBe of Trog (Orc:2)
  A catoblepas (Lair:8)
  13 death yaks
  10 hydras
  A deep troll shaman (Lair:8)
  5 orc high priests
  The ghost of edsrzf the Ruffian, a novice TrAK of Lugonu (Bailey)
  Sonja (Orc:3)
  A fire crab (Lair:1)
  5 orc knights
  A swamp dragon (Lair:1)
  2 hill giants
  A griffon (Lair:6)
  An oklob plant (Lair:7)
  4 orc sorcerers (Orc:4)
  2 ugly things (D:11)
  11 black mambas
  25 elephants
  A torpor snail (Lair:8)
  A fire drake (Lair:1)
  6 trolls
  11 komodo dragons
  20 spiny frogs
  A polar bear (Lair:8)
  A boulder beetle (Lair:5)
  4 slime creatures
  Prince Ribbit (D:6)
  28 blink frogs
  3 two-headed ogres
  A spriggan (Lair:5)
  3 hogs (Lair:8)
  A wyvern (D:11)
  5 wraiths
  42 yaks
  8 hippogriffs
  A steam dragon (D:10)
  2 basilisks (Lair:5)
  6 insubstantial wisps (Swamp:1)
  7 vampire mosquitoes (Swamp:1)
  3 swamp worms (Swamp:1)
  36 wolves
  3 wargs (Orc:4)
  A naga (Lair:5)
  7 porcupines
  Duvessa (D:6)
  22 water moccasins
  2 wasps
  6 sky beasts
  A swamp drake (Swamp:1)
  12 ogres
  3 phantoms
  4 black bears
  2 ice beasts
  51 orc warriors
  2 centaurs
  15 crocodiles
  2 big kobolds
  15 giant frogs
  Blork the orc (D:6)
  Dowan (D:6)
  6 killer bees (D:11)
  15 wights
  3 scorpions
  3 electric eels (Lair:8)
  A vampire bat (Orc:1)
  5 crimson imps
  4 jellies
  2 gnoll shamans
  A giant frog skeleton (D:7)
  A centaur skeleton (D:11)
  6 hounds
  35 orc priests
  17 orc wizards
  Terence (D:2)
  7 worker ants
  9 iguanas
  A killer bee zombie (D:9)
  15 sheep
  A hound zombie (D:8)
  2 hound skeletons (D:5)
  3 worker ant zombies
  58 river rats
  9 adders
  13 gnolls
  An ooze (D:1)
  2 adder zombies
  An adder skeleton (D:7)
  A worm (D:2)
  4 giant geckos
  210 orcs
  3 ball pythons
  16 bats
  2 giant cockroaches
  9 hobgoblins
  2 jackals (D:8)
  2 quokkas
  3 giant newts
  16 goblins
  A jackal skeleton (D:4)
  26 kobolds
  A quokka skeleton (D:9)
  5 rats
  16 fungi
  13 plants
988 creatures vanquished.

Vanquished Creatures (collateral kills)
  2 killer bees (D:11)
2 creatures vanquished.

Vanquished Creatures (others)
  A giant frog (Lair:5)
  A river rat (Lair:1)
  2 orcs (Orc:4)
  14 fungi
  8 plants
26 creatures vanquished.

Grand Total: 1016 creatures vanquished

Notes
Turn   | Place    | Note
--------------------------------------------------------------
     0 | D:1      | TryThis the Minotaur Gladiator began the quest for the Orb.
     0 | D:1      | Reached XP level 1. HP: 18/18 MP: 0/0
    48 | D:1      | Reached skill level 4 in Axes
    62 | D:1      | Reached XP level 2. HP: 25/25 MP: 1/1
   495 | D:1      | Reached skill level 1 in Armour
   700 | D:2      | Reached XP level 3. HP: 30/30 MP: 2/2
   774 | D:2      | Noticed Terence
   785 | D:2      | Killed Terence
   877 | D:2      | Found a glowing silver altar of Zin.
   877 | D:2      | Found a glowing golden altar of the Shining One.
   881 | D:2      | Became a worshipper of the Shining One
   934 | D:2      | Reached XP level 4. HP: 38/38 MP: 3/3
  1068 | D:2      | Reached skill level 5 in Axes
  1350 | D:3      | Noticed edsrzf's ghost (amateur DEFi)
  1355 | D:3      | The Shining One protects you from harm!
  1724 | D:3      | Reached skill level 1 in Invocations
  1749 | D:3      | Found a radiant altar of Vehumet.
  2312 | D:4      | Found an opulent altar of Gozag.
  2494 | D:4      | Reached XP level 5. HP: 45/45 MP: 4/4
  2997 | D:4      | Reached skill level 6 in Axes
  3003 | D:4      | Found Otaemoef's Book Shop.
  3044 | D:4      | Reached XP level 6. HP: 52/52 MP: 6/6
  3091 | D:4      | Noticed a phantom
  3114 | D:4      | Killed a phantom
  3445 | D:5      | Entered Level 5 of the Dungeon
  3489 | D:5      | Found a burning altar of Makhleb.
  3506 | D:5      | Found a staircase to the Ecumenical Temple.
  3575 | D:5      | Reached XP level 7. HP: 49/59 MP: 6/8
  3606 | Temple   | Entered the Ecumenical Temple
  3670 | Temple   | Fell from the grace of the Shining One
  3670 | Temple   | Became a worshipper of Warmaster Okawaru
  3814 | D:5      | Reached skill level 7 in Axes
  4110 | D:6      | Noticed Prince Ribbit
  4188 | D:6      | Noticed Duvessa
  4188 | D:6      | Noticed Dowan
  4205 | D:6      | Killed Duvessa
  4208 | D:6      | Killed Dowan
  4214 | D:6      | Found a shattered altar of Ashenzari.
  4256 | D:6      | Reached skill level 5 in Fighting
  4416 | D:6      | Killed Prince Ribbit
  4416 | D:6      | Reached skill level 8 in Axes
  4416 | D:6      | Reached XP level 8. HP: 50/68 MP: 9/9
  4476 | D:6      | Reached skill level 5 in Armour
  4677 | D:6      | Reached * piety under Okawaru
  4776 | D:6      | Reached skill level 9 in Axes
  4811 | D:6      | Noticed Blork the orc
  4820 | D:6      | Killed Blork the orc
  5735 | D:8      | Noticed a slime creature
  5735 | D:8      | Noticed a slime creature
  5735 | D:8      | Noticed a slime creature
  5735 | D:8      | Noticed a slime creature
  5750 | D:7      | Killed a slime creature
  5750 | D:7      | Reached ** piety under Okawaru
  5750 | D:7      | Reached skill level 10 in Axes
  5750 | D:7      | Reached XP level 9. HP: 48/78 MP: 11/11
  5966 | D:7      | Killed a slime creature
  5966 | D:7      | Reached skill level 5 in Invocations
  6085 | D:8      | Killed a slime creature
  6085 | D:8      | Reached skill level 1 in Evocations
  6088 | D:8      | Killed a slime creature
  6198 | D:8      | Found a snail-covered altar of Cheibriados.
  7018 | D:9      | Found a shimmering altar of Xom.
  7018 | D:9      | Found a burning altar of Makhleb.
  7051 | D:9      | Reached *** piety under Okawaru
  7080 | D:9      | Reached skill level 11 in Axes
  7205 | D:9      | Reached XP level 10. HP: 82/86 MP: 13/13
  7436 | D:9      | Reached **** piety under Okawaru
  7575 | D:9      | Learned a level 2 spell: Song of Slaying
  7637 | D:10     | Entered Level 10 of the Dungeon
  7687 | D:10     | Found a staircase to the Lair.
  8115 | D:10     | Reached skill level 5 in Dodging
  8265 | D:10     | Noticed a hill giant
  8274 | D:10     | Killed a hill giant
  8274 | D:10     | Reached skill level 1 in Charms
  8286 | D:10     | Reached skill level 1 in Spellcasting
  8661 | D:11     | Received a gift from Okawaru
  8661 | D:11     | Reached skill level 12 in Axes
  9127 | D:11     | Reached ***** piety under Okawaru
  9168 | D:11     | Reached XP level 11. HP: 84/95 MP: 15/15
  9176 | D:11     | Noticed a hill giant
  9186 | D:11     | Killed a hill giant
  9293 | D:11     | Found Rekaceyf's Weapon Shoppe.
  9293 | D:11     | Found a staircase to the Orcish Mines.
  9298 | D:11     | Found Binnahalat's Armour Shoppe.
  9344 | D:11     | Bought a +0 pair of boots for 58 gold pieces
  9593 | D:11     | Noticed a cyan ugly thing
  9602 | D:11     | Killed a cyan ugly thing
  9688 | D:11     | Noticed a purple ugly thing
  9697 | D:11     | Killed a purple ugly thing
  9697 | D:11     | Received a gift from Okawaru
 10013 | Orc:1    | Entered Level 1 of the Orcish Mines
 10109 | Orc:1    | Found a flagged portal.
 10209 | Bailey   | Entered a bailey
 10443 | Bailey   | Noticed edsrzf's ghost (novice TrAK)
 10459 | Bailey   | Killed edsrzf's ghost
 10953 | Orc:2    | Found Xoghocw's Armour Shoppe.
 10975 | Orc:2    | Noticed jimeh's ghost (journeyman TeBe)
 10988 | Orc:2    | Killed jimeh's ghost
 10996 | Orc:2    | Found Luatzupn's Book Emporium.
 11267 | Orc:1    | Noticed Harold
 11278 | Orc:1    | Killed Harold
 11542 | Orc:3    | Noticed Snorg
 11558 | Orc:3    | Killed Snorg
 11558 | Orc:3    | Reached skill level 13 in Axes
 11871 | Orc:3    | Noticed Sonja
 11907 | Orc:3    | Killed Sonja
 12019 | Orc:3    | Noticed an orc high priest
 12033 | Orc:3    | Noticed an ice devil
 12034 | Orc:3    | Killed an orc high priest
 12034 | Orc:3    | Reached XP level 12. HP: 76/105 MP: 16/16
 12037 | Orc:3    | Found a roughly hewn altar of Beogh.
 12087 | Orc:3    | Found Feppi's Jewellery Emporium.
 12095 | Orc:3    | Bought a cursed amulet of inaccuracy for 30 gold pieces
 12095 | Orc:3    | Bought an uncursed amulet of clarity for 300 gold pieces
 12276 | Orc:3    | Found a roughly hewn altar of Beogh.
 12470 | Orc:2    | Found Voevo's Food Emporium.
 12561 | Orc:4    | Entered Level 4 of the Orcish Mines
 13507 | Orc:4    | Found a roughly hewn altar of Beogh.
 13586 | Orc:4    | Found Zarirgh's Armour Boutique.
 13596 | Orc:4    | Found Rept's Jewellery Shop.
 13942 | Orc:4    | Noticed a stone giant
 13956 | Orc:4    | Killed a stone giant
 13956 | Orc:4    | Reached skill level 5 in Evocations
 14420 | Orc:4    | Received a gift from Okawaru
 14420 | Orc:4    | Reached skill level 10 in Fighting
 14452 | Orc:4    | Noticed an orc warlord
 14472 | Orc:4    | Killed an orc warlord
 14472 | Orc:4    | Received a gift from Okawaru
 14486 | Orc:4    | Reached skill level 14 in Axes
 14801 | Orc:4    | Received a gift from Okawaru
 14953 | Orc:4    | Reached skill level 10 in Armour
 15422 | Orc:4    | Reached XP level 13. HP: 19/113 MP: 18/18
 15819 | Orc:4    | Found Fochaipe's Weapon Shoppe.
 15841 | Orc:4    | Bought a +0 arbalest for 45 gold pieces
 15878 | Orc:4    | Found Kiatehox's Antique Weapon Boutique.
 15904 | Orc:4    | Found a roughly hewn altar of Beogh.
 16132 | Orc:4    | Found a staircase to the Elven Halls.
 16196 | Orc:4    | Reached skill level 1 in Crossbows
 16430 | Lair:1   | Entered Level 1 of the Lair of Beasts
 16633 | Lair:1   | Received a gift from Okawaru
 17778 | Lair:2   | Found a sacrificial altar of Ru.
 17910 | Lair:2   | Reached ****** piety under Okawaru
 18087 | Lair:3   | Received a gift from Okawaru
 18408 | Lair:3   | Found a glowing silver altar of Zin.
 18457 | Lair:3   | Reached skill level 5 in Crossbows
 18489 | Lair:3   | Reached skill level 15 in Axes
 18492 | Lair:3   | Reached XP level 14. HP: 122/122 MP: 19/19
 18773 | Lair:3   | Found a staircase to the Swamp.
 18853 | Lair:3   | Received a gift from Okawaru
 18970 | Lair:3   | Identified 3 scrolls of acquirement
 18971 | Lair:3   | Got a slimy crystal plate armour
 18982 | Lair:3   | Identified the +12 crystal plate armour of the First Spirits {MP+9 Dex+4} (You acquired it on level 3 of the Lair of Beasts)
 19256 | Lair:4   | Found a shattered altar of Ashenzari.
 19586 | Lair:4   | Received a gift from Okawaru
 20001 | Lair:5   | Found a labyrinth entrance.
 20024 | Lab      | Entered a labyrinth
 20562 | Lab      | Received a gift from Okawaru
 20566 | Lab      | Got a polished shortbow {god gift}
 20582 | Lab      | Got a shimmering marble ring
 20589 | Lair:5   | Identified the ring "Cocom" {+/*Tele *Corrode rPois Int+3} (You found it in a labyrinth)
 20594 | Lair:5   | Identified the +8 shortbow of Xiuteyruf {velocity, rPois Dex+6} (Okawaru gifted it to you in a labyrinth)
 20883 | Lair:5   | Found a staircase to the Snake Pit.
 21049 | Lair:5   | Reached skill level 5 in Spellcasting
 21302 | Lair:6   | Reached skill level 5 in Charms
 21445 | Lair:6   | Received a gift from Okawaru
 21449 | Lair:6   | Noticed Josephine
 21870 | Lair:6   | Killed Josephine
 21987 | Lair:6   | Learned a level 1 spell: Apportation
 22437 | Lair:7   | Received a gift from Okawaru
 22490 | Lair:7   | Reached skill level 10 in Dodging
 22699 | Lair:7   | Received a gift from Okawaru
 22817 | Lair:7   | Received a gift from Okawaru
 23203 | Lair:7   | Reached XP level 15. HP: 121/132 MP: 18/21
 23286 | Lair:8   | Entered Level 8 of the Lair of Beasts
 23291 | Lair:8   | Reached skill level 16 in Axes
 23388 | Lair:8   | Learned a level 1 spell: Infusion
 23391 | Lair:8   | Learned a level 2 spell: Shroud of Golubria
 23667 | Lair:8   | Found a staircase to the Slime Pits.
 24496 | Lair:8   | Noticed Kirke
 24508 | Lair:8   | Killed Kirke
 25175 | Lair:8   | Received a gift from Okawaru
 25818 | Lair:8   | Received a gift from Okawaru
 25828 | Lair:8   | Got a crude broad axe {god gift}
 25829 | Lair:8   | Identified the +3 broad axe "Xoexasi" {chop, *Confuse +Fly Dex+2} (Okawaru gifted it to you on level 8 of the Lair of Beasts)
 25997 | Swamp:1  | Entered Level 1 of the Swamp
 26171 | Swamp:1  | Slain by a spiny frog

Vault maps used:
D:1:      minmay_arrival_wavy_path
D:2:      gammafunk_temple_overflow_wave, uniq_terence
D:3:      vehumet_crystals
D:4:      first_bread, serial_shops, nicolae_shop_stone,
          nicolae_gozag_seed_capital
D:5:      temple_green, bloody_makhleb
D:6:      evilmike_ruin_ashenzari, uniq_prince_ribbit1, uniq_duvessa,
          uniq_blork_the_orc
D:8:      kennysheep_little_box
D:9:      grunt_temple_overflow_champion_of_chaos
D:10:     lair_0_dummy
D:11:     orc_david_3
Temple:   circular_temple_12
Lair:1:   nicolae_quartered_pool_super, hibernation_bobbens
Lair:2:   basic_altar, beast_lair_carwin_5
Lair:3:   mu_elephants_graveyard, swamp_mist_pool, basic_altar
Lair:4:   beast_lair_carwin_large_4, basic_altar
Lair:5:   guppyfry_snake_entry_garden, lab_entry_generic, st_stairs_6,
          wad_woods_03
Lair:6:   beast_lair_carwin_8, grunt_megastairs_3, serial_bayou_shore_a,
          uniq_josephine
Lair:8:   grunt_lair_end_beastmaster, slime_dummy, lemuel_fruit_tree, uniq_kirke
Swamp:1:  evilmike_swamp_ruin_house_5
Orc:1:    enter_bailey_2, roderic_batcave, uniq_harold
Orc:2:    serial_shops, shop, nicolae_shop_stone, shop
Orc:3:    basic_altar, serial_shops, shop, nicolae_orc_pool_cavern,
          bh_open_orc_temple, uniq_snorg, uniq_sonja
Orc:4:    pubby_orc_utopia
Lab:      labyrinth_mini_lab, nicolae_lab_grate_2, nicolae_lab_do_over,
          nicolae_lab_stuck, nicolae_lab_dead_end, labyrinth_glass_1,
          labyrinth_skeletal_remains
Bailey:   bailey_axe_4, bailey

Action                   |  1- 3 |  4- 6 |  7- 9 | 10-12 | 13-15 || total
-------------------------+-------+-------+-------+-------+-------++-------
Melee: War axe           |    47 |   121 |   278 |   234 |       ||   680
       Battleaxe         |       |       |       |   563 |  1223 ||  1786
       Dire flail        |       |       |       |       |    64 ||    64
 Fire: Arbalest          |       |       |       |       |    35 ||    35
Throw: Throwing net      |     1 |       |       |       |       ||     1
       Javelin           |       |     1 |    20 |    23 |       ||    44
       Tomahawk          |       |       |       |   116 |    30 ||   146
Invok: Heroism           |       |       |       |    13 |    13 ||    26
       Finesse           |       |       |       |     1 |     1 ||     2
Evoke: Wand              |       |       |       |     2 |       ||     2
  Use: Scroll            |     3 |     6 |     7 |     8 |    24 ||    48
       Potion            |       |     1 |       |     9 |     1 ||    11
 Stab: Petrified         |       |       |       |       |     3 ||     3
  Eat: Chunk             |       |     6 |    10 |    20 |    28 ||    64
       Royal jelly       |       |     1 |       |     2 |       ||     3
       Pizza             |       |       |     1 |     1 |       ||     2
       Beef jerky        |       |       |       |     2 |     3 ||     5
       Fruit             |       |       |       |       |     6 ||     6
